Map: Vigía EE

Players

Marranzo

  • Race: Zerg Zerg
  • League: Gold
  • Spawn Location: 6:00

XYZrd

  • Race: Protoss Protoss
  • League: Gold
  • Spawn Location: 5:00

Rise

  • Race: Protoss Protoss
  • League: Silver
  • Spawn Location: 5:00

MrFercho - Winner!

  • Race: Zerg Zerg
  • League: Gold
  • Spawn Location: 12:00

tigro - Winner!

  • Race: Terran Terran
  • League: Bronze
  • Spawn Location: 9:00

TATORREA - Winner!

  • Race: Protoss Protoss
  • League: Gold
  • Spawn Location: 9:00

VOD

Have the link to the VOD?

Description

Time

  • Played on: Aug. 8, 2020, 9:25 p.m.
  • Length: 12:19
Show
View Real Time Build Order
Export as new Build Order

Marranzo Zerg 

Build Orders: Pool First 

Get SALT Encoding   

  12  0:10  Overlord  
  12  0:21  Overlord  
  12  0:22  Drone  
  12  0:28  Drone  
  14  0:35  Extractor, Drone  
  14  0:54  Spawning Pool  
  14  0:56  Drone  
  14  1:09  Drone x2  
  16  1:18  Drone  
  17  1:37  Drone  
  17  1:39  Drone  
  19  1:43  Queen  
  21  1:48  Zergling x2  
  22  2:04  Zergling x2  
  22  2:45  Hatchery  
  21  2:54  Queen  
  21  2:57  Overlord  
  23  2:59  Drone x2  
  25  3:05  Extractor  
  24  3:15  Metabolic Boost  
  24  3:18  Drone  
  25  3:40  Zergling x6  
  25  3:41  Zergling x2  
  29  4:01  Overlord  
  29  4:08  Drone  
  30  4:12  Drone x2  
  32  4:19  Drone x4  
  36  4:33  Drone  
  36  4:34  Drone x2  
  39  4:39  Extractor  
  38  4:57  Roach Warren  
  37  5:11  Zergling x2  
  37  5:12  Zergling x12, Hatchery  
  43  5:16  Lair  
  43  5:22  Drone x5  
  43  5:25  Overlord  
  43  5:26  Overlord  
  48  5:52  Drone x7  
  48  5:53  Drone x4  
  59  6:05  Spine Crawler  
  59  6:06  Roach x2  
  59  6:08  Spine Crawler  
  59  6:11  Extractor  
  60  6:14  Spore Crawler  
  60  6:16  Roach  
  60  6:17  Roach  
  63  6:41  Spore Crawler  
  62  6:48  Evolution Chamber  
  62  6:52  Spire  
  60  6:57  Nydus Network  
  60  6:58  Roach  
  60  6:59  Hydralisk Den, Roach x7  
  74  7:03  Overlord  
  43  7:54  Hydralisk x10  
  43  7:55  Hydralisk x2  
  61  8:04  Queen  
  63  8:28  Hydralisk x6  
  61  8:44  Hydralisk x3  
  57  8:50  Zergling x2  
  57  8:51  Zergling x6  
  61  9:08  Spine Crawler  
  56  9:12  Spine Crawler  
  56  9:14  Queen  
  45  9:28  Hydralisk x4  
  45  9:30  Hydralisk  
  55  9:36  Drone x2  
  55  9:58  Hydralisk  
  55  9:59  Hydralisk x4  
  59  10:28  Hydralisk  
  59  10:29  Hydralisk x5  
  59  10:48  Hydralisk  
  59  10:49  Hydralisk x3  
Show
View Real Time Build Order
Export as new Build Order

XYZrd Protoss 

Build Orders:  

Get SALT Encoding   

  12  0:03  Probe  
  13  0:20  Pylon  
  13  0:23  Pylon  
  13  0:26  Probe (Chrono Boost)  
  15  0:36  Probe (Chrono Boost)  
  15  0:48  Gateway  
  15  0:56  Gateway  
  15  1:10  Forge  
  15  1:44  Photon Cannon  
  15  1:52  Photon Cannon  
  15  2:00  Nexus  
  15  2:18  Zealot x2  
  19  2:48  Zealot  
  19  2:49  Zealot  
  23  2:59  Probe (Chrono Boost)  
  23  3:00  Assimilator  
  23  3:04  Assimilator  
  24  3:09  Probe (Chrono Boost)  
  26  3:13  Probe (Chrono Boost)  
  26  3:16  Zealot x2  
  30  3:24  Probe (Chrono Boost)  
  31  3:29  Probe (Chrono Boost)  
  31  3:34  Pylon  
  32  3:38  Probe  
  32  3:39  Pylon  
  32  3:40  Probe (Chrono Boost)  
  34  3:52  Probe (Chrono Boost)  
  36  3:55  Probe (Chrono Boost)  
  36  4:00  Zealot  
  36  4:01  Probe (Chrono Boost)  
  40  4:04  Probe (Chrono Boost)  
  40  4:07  Probe, Zealot  
  43  4:17  Photon Cannon  
  43  4:19  Probe  
  44  4:27  Photon Cannon  
  45  4:33  Probe (Chrono Boost)  
  45  4:35  Probe (Chrono Boost)  
  48  4:46  Probe (Chrono Boost)  
  48  4:47  Probe (Chrono Boost)  
  48  4:49  Pylon  
  48  4:50  Probe (Chrono Boost)  
  49  4:55  Probe  
  50  5:01  Probe  
  50  5:07  Pylon  
  51  5:08  Pylon  
  51  5:31  Assimilator  
  51  5:32  Probe (Chrono Boost), Nexus  
  51  5:33  Assimilator  
  51  5:35  Assimilator  
  52  5:39  Assimilator  
  52  5:40  Cybernetics Core  
  52  5:41  Probe (Chrono Boost)  
  53  5:46  Probe (Chrono Boost)  
  54  6:08  Probe  
  55  6:20  Probe (Chrono Boost)  
  57  6:26  Probe (Chrono Boost)  
  57  6:27  Stargate  
  57  6:29  Stargate  
  57  6:30  Probe (Chrono Boost)  
  57  6:31  Stargate  
  59  6:34  Probe (Chrono Boost), Stargate  
  59  6:37  Robotics Facility  
  59  6:41  Robotics Facility  
  59  6:44  Probe  
  60  6:54  Pylon  
  60  6:57  Probe (Chrono Boost)  
  63  7:08  Probe (Chrono Boost)  
  63  7:15  Probe (Chrono Boost)  
  62  7:23  Probe  
  62  7:26  Void Ray x3 (Chrono Boost)  
  62  7:29  Void Ray (Chrono Boost)  
  67  7:35  Probe  
  62  8:05  Void Ray x2 (Chrono Boost)  
  62  8:06  Void Ray (Chrono Boost)  
  62  8:12  Void Ray (Chrono Boost)  
  78  8:32  Photon Cannon  
  78  8:34  Photon Cannon  
  50  9:05  Void Ray x3  
  50  9:06  Void Ray  
Show
View Real Time Build Order
Export as new Build Order

Rise Protoss 

Build Orders:  

Get SALT Encoding   

  12  0:14  Pylon  
  12  0:18  Probe (Chrono Boost)  
  14  0:29  Probe (Chrono Boost)  
  14  0:34  Probe (Chrono Boost)  
  15  0:44  Probe  
  15  0:49  Forge  
  16  0:56  Probe  
  17  1:08  Probe  
  18  1:13  Assimilator  
  18  1:29  Probe (Chrono Boost)  
  19  1:38  Photon Cannon  
  20  1:40  Probe (Chrono Boost)  
  20  1:42  Gateway  
  20  1:46  Probe  
  21  1:55  Pylon  
  21  1:59  Assimilator, Probe  
  22  2:11  Gateway, Probe  
  22  2:23  Probe (Chrono Boost)  
  23  2:34  Probe (Chrono Boost)  
  24  2:39  Probe (Chrono Boost)  
  25  2:45  Nexus  
  25  2:49  Probe  
  26  2:57  Pylon  
  26  3:13  Cybernetics Core  
  26  3:16  Photon Cannon  
  26  3:42  Pylon  
  26  3:54  Assimilator  
  26  4:00  Stargate  
  26  4:03  Assimilator  
  26  4:06  Stargate  
  26  4:15  Pylon  
  26  4:18  Probe (Chrono Boost)  
  26  4:23  Probe (Chrono Boost)  
  28  4:28  Probe (Chrono Boost)  
  30  4:32  Probe (Chrono Boost)  
  30  4:33  Probe (Chrono Boost)  
  31  4:42  Probe  
  31  4:45  Stargate  
  32  4:47  Protoss Air Weapons Level 1  
  32  4:52  Void Ray  
  36  4:54  Probe  
  37  5:05  Photon Cannon  
  37  5:11  Probe (Chrono Boost)  
  39  5:16  Probe (Chrono Boost)  
  40  5:21  Probe (Chrono Boost)  
  40  5:25  Probe (Chrono Boost)  
  40  5:26  Probe (Chrono Boost)  
  42  5:35  Probe  
  43  5:37  Probe  
  44  5:48  Pylon, Probe  
  44  5:49  Void Ray, Probe  
  50  6:00  Probe  
  50  6:01  Probe  
  52  6:07  Void Ray  
  56  6:12  Probe  
  56  6:13  Probe  
  56  6:14  Void Ray  
  62  6:24  Probe  
  63  6:26  Probe  
  63  6:32  Void Ray  
  68  6:39  Pylon  
  68  6:45  Pylon  
  68  6:56  Protoss Air Armor Level 1  
  68  6:57  Nexus  
  68  7:01  Void Ray x2  
  76  7:22  Photon Cannon  
  76  7:27  Photon Cannon  
  56  8:04  Void Ray  
  56  8:05  Void Ray x2  
  37  8:50  Warp Gate  
  37  9:00  Void Ray x3  
  43  9:43  Void Ray x3  
  54  10:16  Nexus  
Show
View Real Time Build Order
Export as new Build Order

MrFercho Zerg - Winner!

Build Orders: Pool First 

Get SALT Encoding   

  12  0:20  Spawning Pool  
  11  0:23  Drone  
  11  0:28  Drone  
  13  0:38  Overlord  
  13  0:44  Drone  
  16  0:57  Drone x2  
  16  1:11  Zergling x2  
  17  1:16  Queen  
  19  1:19  Zergling x2  
  20  1:31  Zergling x2  
  21  1:47  Drone  
  22  1:56  Overlord  
  22  2:00  Extractor  
  22  2:01  Hatchery  
  20  2:21  Drone x2  
  22  2:40  Drone  
  23  2:49  Drone  
  24  2:53  Drone  
  24  2:57  Drone x2  
  27  3:06  Overlord  
  27  3:14  Drone  
  27  3:19  Metabolic Boost  
  28  3:21  Drone x4  
  28  3:23  Queen x2  
  28  3:25  Overlord  
  36  3:47  Evolution Chamber  
  35  3:51  Drone x7  
  42  3:58  Overlord  
  42  3:59  Overlord  
  42  4:04  Queen  
  44  4:12  Drone  
  44  4:14  Drone  
  44  4:17  Drone  
  47  4:21  Zerg Melee Weapons Level 1  
  47  4:23  Hatchery  
  46  4:26  Drone x2  
  48  4:32  Zergling x6  
  48  4:37  Zergling x4  
  48  4:38  Zergling x2  
  54  4:48  Extractor  
  54  4:52  Baneling Nest, Drone x2  
  54  4:53  Drone  
  54  4:54  Zergling x4  
  54  4:55  Overlord  
  57  5:07  Zergling x8  
  57  5:14  Zergling x10  
  66  5:22  Lair  
  66  5:26  Zergling x4  
  68  5:33  Zergling x10  
  73  5:35  Overlord  
  73  5:41  Queen  
  75  5:45  Overlord  
  75  5:46  Zergling x8  
  79  5:54  Zergling x2  
  80  6:08  Zergling x8  
  80  6:09  Zergling x6  
  87  6:12  Queen  
  89  6:19  Zerg Melee Weapons Level 2  
  89  6:21  Centrifical Hooks  
  89  6:23  Zergling x10  
  89  6:24  Zergling x2  
  95  6:40  Hydralisk Den  
  95  6:44  Extractor  
  93  6:52  Evolution Chamber  
  93  6:53  Zergling x2  
  93  6:54  Zergling x10  
  98  6:55  Overlord x3  
  98  7:01  Baneling  
  98  7:02  Baneling x9  
  96  7:23  Zergling x2  
  96  7:24  Zergling x18  
  82  7:31  Zergling x8  
  73  7:39  Zergling x10  
  70  7:46  Grooved Spines  
  66  8:18  Zergling x32  
  77  8:25  Zergling x2  
  77  8:26  Zergling x6  
  74  8:33  Zergling x6  
  75  8:39  Zerg Ground Armor Level 1  
  75  8:45  Zergling x2  
  75  8:46  Zergling x10  
  81  8:57  Muscular Augments  
  78  9:07  Zergling x16  
  78  9:08  Zergling x2  
  72  9:18  Zergling x6  
  72  9:21  Zergling x4  
  69  9:29  Zergling x6  
  69  9:30  Zergling x4  
  70  9:37  Zergling x6  
  72  9:42  Baneling  
  72  9:43  Baneling x7  
  70  9:46  Zergling x6  
  72  9:53  Zergling x2  
  72  9:54  Zergling x8  
  77  10:01  Zerg Missile Weapons Level 1  
  77  10:05  Infestation Pit  
  76  10:07  Zergling x2  
  76  10:08  Zergling x8  
  76  10:13  Drone  
  76  10:14  Drone x2  
  78  10:45  Zergling x28  
  78  10:46  Zergling x2  
  90  10:50  Zergling x6  
  86  11:05  Zergling x2  
  86  11:06  Zergling x16  
  85  11:18  Zergling x2  
  85  11:19  Zergling x10  
  86  11:26  Zergling x8  
  84  11:34  Zergling x10  
  87  11:44  Zergling x2  
  87  11:45  Zergling x6  
Show
View Real Time Build Order
Export as new Build Order

tigro Terran - Winner!

Build Orders:  

Get SALT Encoding   

  12  0:13  SCV  
  13  0:19  Supply Depot  
  13  0:25  SCV  
  14  0:43  SCV  
  14  0:48  Barracks  
  15  0:50  Refinery  
  15  0:56  SCV  
  16  1:08  SCV  
  17  1:18  Supply Depot  
  17  1:20  SCV  
  18  1:32  SCV  
  19  1:38  Marine  
  19  1:39  Refinery  
  20  1:44  SCV  
  21  1:56  Marine, SCV  
  23  2:08  SCV  
  23  2:12  Factory  
  23  2:13  Marine  
  25  2:31  Marine  
  26  2:37  SCV  
  27  2:49  Marine  
  28  2:58  Factory Tech Lab  
  28  3:08  Orbital Command  
  28  3:11  Command Center  
  28  3:14  Barracks Tech Lab  
  28  3:23  Engineering Bay  
  28  3:33  Combat Shield  
  28  3:36  Marine  
  29  3:51  Starport  
  29  3:54  Marine  
  30  4:05  Missile Turret  
  30  4:11  Marine  
  31  4:26  Refinery  
  31  4:27  SCV  
  31  4:28  Missile Turret  
  31  4:30  Barracks  
  32  4:37  Siege Tank  
  35  4:41  Starport Tech Lab  
  35  4:50  Terran Infantry Weapons Level 1  
  35  4:51  Missile Turret  
  35  4:52  Stimpack  
  35  5:02  Medivac  
  37  5:08  SCV  
  38  5:20  SCV  
  39  5:22  Siege Tank  
  39  5:26  Barracks Reactor, Missile Turret  
  42  5:32  SCV  
  43  5:41  Armory  
  43  5:44  SCV  
  44  5:56  SCV  
  45  6:08  SCV  
  46  6:25  SCV  
  47  6:26  Missile Turret  
  47  6:36  Fusion Core  
  47  6:37  Marine x2, SCV  
  47  6:39  Marine  
  51  6:45  Terran Infantry Armor Level 1  
  51  6:47  Missile Turret  
  51  6:49  SCV  
  52  6:55  Marine x2, Refinery  
  55  7:01  SCV  
  55  7:13  Marine x2, SCV  
  58  7:30  Marine  
  58  7:31  Marine  
  54  7:52  Marine x2  
  50  8:05  Marine  
  48  8:09  Medivac  
  48  8:10  Marine x2  
  52  8:13  Thor  
  58  8:23  Marine  
  59  8:27  Marine  
  59  8:28  Marine  
  58  8:39  Battlecruiser, Hi-Sec Auto Tracking  
  62  8:56  Supply Depot  
  62  9:13  Marine x3  
  61  9:18  Supply Depot  
  61  9:28  Command Center  
  61  9:30  Marine  
  62  9:31  Marine x2  
  64  9:42  Supply Depot  
  64  9:43  Thor, Battlecruiser  
  76  9:48  Marine  
  76  9:49  Marine x2  
  78  10:06  Marine, Weapon Refit  
  78  10:07  Marine x2  
  67  10:25  Marine  
  67  10:26  Thor  
  70  10:47  Battlecruiser  
Show
View Real Time Build Order
Export as new Build Order

TATORREA Protoss - Winner!

Build Orders: Carriers, Carrier Rush 

Get SALT Encoding   

  12  0:03  Probe  
  13  0:15  Probe  
  14  0:24  Pylon  
  14  0:27  Probe  
  15  0:42  Probe  
  16  0:48  Gateway  
  16  0:54  Probe  
  17  0:58  Assimilator  
  17  1:00  Pylon  
  17  1:06  Probe  
  18  1:19  Probe  
  19  1:31  Probe  
  20  1:32  Gateway  
  20  1:38  Cybernetics Core  
  20  1:42  Gateway  
  20  1:46  Probe  
  21  1:54  Assimilator  
  21  1:58  Probe  
  22  2:01  Pylon  
  22  2:10  Probe  
  23  2:36  Nexus  
  23  2:37  Pylon  
  23  2:38  Warp Gate  
  23  2:48  Probe (Chrono Boost)  
  25  3:00  Probe (Chrono Boost), Stargate  
  25  3:04  Probe (Chrono Boost)  
  26  3:15  Probe  
  27  3:24  Stargate  
  27  3:27  Probe (Chrono Boost)  
  28  3:39  Probe (Chrono Boost)  
  29  3:45  Probe (Chrono Boost)  
  30  3:48  Assimilator  
  30  3:49  Probe  
  30  3:50  Assimilator  
  30  3:54  Probe (Chrono Boost)  
  32  3:57  Fleet Beacon  
  32  4:01  Probe (Chrono Boost)  
  33  4:06  Probe (Chrono Boost)  
  35  4:10  Probe (Chrono Boost)  
  35  4:12  Probe (Chrono Boost)  
  35  4:15  Probe (Chrono Boost)  
  36  4:20  Probe  
  38  4:27  Probe  
  39  4:32  Probe  
  40  4:39  Probe  
  40  4:42  Carrier  
  40  4:44  Probe  
  48  4:52  Carrier  
  54  4:58  Probe  
  54  4:59  Probe  
  56  5:21  Nexus  
  56  5:23  Pylon  
  56  5:24  Probe x2  
  56  5:25  Pylon  
  58  5:36  Probe  
  58  5:37  Probe  
  60  5:46  Carrier  
  66  5:50  Probe x2  
  66  5:56  Carrier  
  74  5:58  Protoss Air Weapons Level 1 (Chrono Boost)  
  74  6:02  Probe x2  
  76  6:15  Probe x2  
  78  6:32  Probe x2  
  80  6:37  Probe  
  81  6:42  Assimilator  
  81  6:44  Assimilator, Probe x2  
  83  6:49  Probe  
  83  6:50  Carrier  
  90  6:57  Probe x2  
  90  7:01  Probe  
  93  7:16  Pylon  
  93  7:20  Pylon  
  93  7:23  Pylon  
  93  7:26  Pylon  
  93  7:34  Probe  
  93  7:35  Carrier  
  100  7:55  Carrier  
  106  8:39  Carrier  
  94  8:59  Carrier  
  88  9:26  Probe x3  
  91  9:32  Stalker x2  
  91  9:33  Stalker  
  97  9:43  Carrier  
  103  9:54  Pylon, Nexus  
  103  9:58  Pylon  
  103  10:03  Carrier  
  109  10:16  Gateway  
  109  10:18  Gateway  
  109  10:21  Gateway  
  103  10:28  Gateway  
  103  10:29  Gateway  
  103  10:30  Gateway x2  
  103  10:32  Gateway x2, Twilight Council  
  103  10:33  Gateway x2  
  103  10:34  Forge  
  103  10:35  Gateway, Forge  
  97  10:36  Gateway x2  
  97  10:37  Gateway  
  97  10:38  Gateway x2  
  97  10:39  Gateway  
  97  10:40  Forge  
  91  10:47  Carrier  
  97  10:52  Assimilator  
  97  10:55  Stalker x3  
  97  10:56  Assimilator  
  103  11:07  Carrier  
Tags
 
Add a new tag
Caveats
  • Supply blocks, unpowered buildings, or Contaminate may cause inaccurate times.
  • Supply counts are checked every 10 seconds.